 Dungeon Crawl Stone Soup version 0.24.1 (webtiles) character file.

Game seed: 9343365553204347936, levelgen mode: deterministic

36 nightchill the Stinger (level 3, 0/20 HPs)
             Began as a Gargoyle Venom Mage on Mar 26, 2020.
             Slain by a centaur skeleton (4 damage)
             ... on level 2 of the Dungeon.
             The game lasted 00:03:18 (2076 turns).

nightchill the Stinger (Gargoyle Venom Mage)        Turns: 2076, Time: 00:03:18

Health: 0/20       AC:  5    Str: 12    XL:     3   Next: 37%
Magic:  6/6        EV: 12    Int: 15    God:
Gold:   12         SH:  0    Dex: 10    Spells: 3/6 levels left

rFire    . . .     SeeInvis .   d - +0 club
rCold    . . .     Gourm    .   (no shield)
rNeg     + . .     Faith    .   a - +0 robe
rPois    ∞         Spirit   .   (no helmet)
rElec    +         Reflect  .   (no cloak)
rCorr    .         Harm     .   (no gloves)
MR       .....                  (no boots)
Stlth    ++........             (no amulet)
HPRegen  0.06/turn              (no ring)
MPRegen  0.10/turn              (no ring)

@: no status effects
A: negative energy resistance 1, electricity resistance, unbreathing,
petrification resistance, rot immunity, AC +3
a: no special abilities


You were on level 2 of the Dungeon.
You were not hungry.

You visited 1 branch of the dungeon, and saw 2 of its levels.

You collected 12 gold pieces.

Inventory:

Hand Weapons
 d - a +0 club (weapon)
 g - a +0 hunting sling
Missiles
 b - 92 stones (quivered)
Armour
 a - a +0 robe (worn)
Scrolls
 e - 2 scrolls of noise {unknown}
 f - a scroll of enchant armour {unknown}
 h - a scroll of fog {unknown}
 i - a scroll of enchant weapon {unknown}
Comestibles
 c - 2 rations
 j - 2 chunks of flesh


   Skills:
 + Level 1.2 Fighting
 * Level 1.4 Maces & Flails
 - Level 1.5 Dodging
 - Level 2.1 Stealth
 - Level 2.0 Spellcasting
 - Level 1.1 Conjurations
 * Level 3.6 Poison Magic


You had 3 spell levels left.
You knew the following spells:

 Your Spells              Type           Power        Failure   Level  Hunger
a - Sting                 Conj/Pois      #...         9%          1    #......
b - Poisonous Vapours     Pois/Air       #.....       16%         2    ###....

Your spell library contained the following spells:

 Spells                   Type           Power        Failure   Level  Hunger
 Mephitic Cloud           Conj/Pois/Air  #.......     34%         3    ###....
 Olgreb's Toxic Radiance  Pois           ##......     43%         4    #####..
 Venom Bolt               Conj/Pois      #.........   93%         5    ######.


Dungeon Overview and Level Annotations

Branches:
Dungeon (2/15)

Altars:


Innate Abilities, Weirdness & Mutations

You are resistant to torment.
Your stone body is resilient. (AC +3)
You are immune to poison.
You resist negative energy. (rN+)
You are resistant to electric shocks. (rElec)
You can survive without breathing.
You are immune to petrification.
You are immune to rotting.


Message History

You hit the centaur skeleton.
The centaur skeleton is heavily damaged.
The centaur skeleton closely misses you.
The centaur skeleton hits you.
You hit the centaur skeleton.
The centaur skeleton is heavily damaged.
The centaur skeleton hits you.
You hit the centaur skeleton.
The centaur skeleton is heavily damaged.
The centaur skeleton hits you but does no damage.
The centaur skeleton hits you.
You hit the centaur skeleton.
The centaur skeleton is heavily damaged.
The centaur skeleton barely misses you. x2
You aren't carrying any potions.
There is a stone staircase leading up here.
The centaur skeleton hits you.
* * * LOW HITPOINT WARNING * * *
The centaur skeleton hits you.
You die...

########
.......#########
#..÷.Z@...#
#.#######.# #.#
#.<....#
#.####.# ..# ..#
.... $...


You could see a centaur skeleton.

Vanquished Creatures
  2 dart slugs (D:1)
  A leopard gecko (D:1)
  A giant cockroach (D:2)
  2 goblins (D:1)
  7 hobgoblins (D:1)
  3 kobolds (D:1)
  A quokka (D:2)
  A ball python (D:1)
  5 bats (D:1)
  4 frilled lizards (D:1)
  3 rats
30 creatures vanquished.

Notes
Turn   | Place    | Note
-------+----------+-------------------------------------------
     0 | D:1      | nightchill the Gargoyle Venom Mage began the quest for the
                  | Orb.
     0 | D:1      | Reached XP level 1. HP: 10/10 MP: 3/3
    68 | D:1      | Reached XP level 2. HP: 7/16 MP: 5/5
   342 | D:1      | Learned a level 2 spell: Poisonous Vapours
   879 | D:1      | Reached skill level 1 in Maces & Flails
   881 | D:1      | Reached skill level 1 in Fighting
  1343 | D:1      | Reached XP level 3. HP: 20/20 MP: 2/6
  2076 | D:2      | Slain by a centaur skeleton

Levels and vault maps discovered:
D:1:      saegor_arrival_simple_b, layout_loops_corners
D:2:      layout_loops_ring

Skill      XL: |  1  2 |
---------------+-------+-----
Maces & Flails | 1 |  1.4
Fighting       | 1 |  1.2
Dodging        | |  1.5
Stealth        | |  2.1
Spellcasting   | |  2.0
Conjurations   | |  1.1
Poison Magic   | |  3.6

Action                   || total
-------------------------++-------
Melee: Club              ||   116
Throw: Stone             ||     2
 Cast: Sting             ||     5
       Poisonous Vapours ||     8
 Stab: Sleeping          ||     2
  Eat: Chunk             ||     4
Armor: Robe              ||    38
Dodge: Dodged            ||    88
